 Dungeon Sprint DCSS version bcrawl-1.27.1d (webtiles) character file.

Game seed: 2595233090438297744

236171 Freyura the Magician (level 3, -1/21 HPs)
             Began as a Fairy Wizard on July 16, 2020.
             Slain by an ogre
             ... wielding a +0 giant club
              (19 damage)
             ... in the Dungeon (Sprint IX: "|||||||||||||||||||||||||||||").
             The game lasted 00:01:44 (44 turns).

Freyura the Magician (Fairy Wizard)                   Turns: 44, Time: 00:01:45

Health: -1/21      AC:  4    Str:  5    XL:     3   Next: 41%
Magic:  11/13      EV: 17    Int: 22    God:
Gold:   0          SH:  4    Dex: 10    Spells: 14/15 levels left

rFire    . . .     SeeInvis .   a - +0 staff
rCold    . . .     Gourm    .   (shield currently unavailable)
rNeg     . . .     Faith    .   (armour unavailable)
rPois    .         Spirit   .   b - +0 hat
rElec    .         Reflect  .   (no cloak)
rCorr    .         Harm     .   (no gloves)
MR       .....     NoTele   +   (no boots)
Stlth    +.........             (no amulet)
HPRegen  0.07/turn              (no ring)
MPRegen  0.13/turn              (no ring)

@: flying evasively, very slightly contaminated
A: small, magic attunement, unstealthy, unfitting armour, able to fly, AC/SH +4
a: Stop Flying


You were in the Dungeon.
You were not hungry.

You visited 1 branch

Inventory:

Hand Weapons
 a - a +0 staff (weapon)
Armour
 b - a +0 hat (worn)
Scrolls
 k - a scroll of blinking
Potions
 d - a potion of brilliance
 g - a potion of heal wounds
 h - a potion of haste
 i - 2 potions of magic
 j - a potion of berserk rage
Comestibles
 e - a ration {!d}


   Skills:
 + Level 5.0 Dodging
 - Level 1.5 Stealth
 * Level 6.8 Spellcasting
 + Level 3.9 Conjurations
   Level 1.1 Summonings
   Level 1.1 Translocations


You had 14 spell levels left.
You knew the following spells:

 Your Spells              Type           Power        Failure   Level  Hunger
a - Magic Dart            Conj           ###.         1%          1    None

Your spell library contained the following spells:

 Spells                   Type           Power        Failure   Level  Hunger
 Blink                    Tloc           N/A          9%          2    None
 Call Imp                 Summ           ##....       9%          2    None
 Conjure Flame            Conj/Fire      ###.....     12%         3    None
 Mephitic Cloud           Conj/Pois/Air  ##......     14%         3    None
 Spider Form              Tmut/Pois      #..          26%         3    None


Dungeon Overview and Level Annotations

Branches:
Dungeon (1/1)

Altars:


Innate Abilities, Weirdness & Mutations

Your spells do not cause hunger and MP costs are reduced by 1.
Your bright wings attract enemies. (Stealth-)
You cannot fit into any form of body armour.
Your shimmering scales are hard and can block incoming attacks. (AC +4, SH +4)
You are small and have problems with some larger weapons.
You can fly continuously.


Message History

Increase (S)trength, (I)ntelligence, or (D)exterity?
You feel clever.
Your scales feel stronger.
Casting: Magic Dart (safe; 1% risk of failure)
Confirm with . or Enter, or press ? or * to list all spells.
Aiming: Magic Dart (safe; 1% risk of failure)
Press: ? - help, Shift-Dir - straight line, f - orc
Aim: an orc, wearing a +0 scale mail and quivering 56 poisoned tomahawks The magic dart hits the orc.
You kill the orc!
Your Dodging skill increases to level 5!
Casting: Magic Dart (safe; 1% risk of failure)
Confirm with . or Enter, or press ? or * to list all spells.
Aiming: Magic Dart (safe; 1% risk of failure)
Press: ? - help, Shift-Dir - straight line, f - ogre
Aim: an ogre, wielding a +0 giant club The magic dart hits the ogre.
The ogre is lightly wounded.
The ogre hits you with a +0 giant club!!
Ouch! That really hurt!
You die...

▓+▓
▓.▓
▓.▓
▓.▓
▓o▓
▓.▓
▓O▓
▓@▓
▓.▓
▓.▓
▓†▓
▓)▓
▓'▓
▓.▓
▓.▓
▓.▓


You could see an orc warrior and an ogre.

Vanquished Creatures
  A worker ant (D)
  A worm (D)
  A dart slug (D)
  A leopard gecko (D)
  An orc (D)
  A bat (D)
  2 hobgoblins (D)
8 creatures vanquished.

Notes
Turn   | Place    | Note
-------+----------+-------------------------------------------
     0 | D        | Freyura the Fairy Wizard began the quest for the Orb.
     0 | D        | Reached XP level 1. HP: 11/11 MP: 7/7
    14 | D        | Reached skill level 5 in Spellcasting
    16 | D        | Reached XP level 2. HP: 16/17 MP: 8/10
    32 | D        | Noticed an orc warrior
    32 | D        | Noticed an ogre
    42 | D        | Reached skill level 6 in Spellcasting
    42 | D        | Reached XP level 3. HP: 18/21 MP: 11/13
    43 | D        | Reached skill level 5 in Dodging
    44 | D        | Slain by an ogre

Skill      XL: |  1  2  3 |
---------------+----------+-----
Dodging        | 3 4 5 |  5.0
Conjurations   | 2 3 |  3.9
Spellcasting   | 5 6 |  6.8
Stealth        | |  1.5
Summonings     | |  1.1
Translocations | |  1.1

Action                   || total
-------------------------++-------
 Cast: Magic Dart        ||    28
  Use: Potion            ||     1
Dodge: Dodged            ||    19
Block: Other             ||     1
